 Dungeon Crawl Stone Soup version 0.31-a0-371-ge323378 (webtiles) character file.

Game seed: 6336795422369805413

142601 mezmerelda the Peltast (level 17, -3/158 HPs)
             Began as a Hill Orc Fighter on June 5, 2023.
             Was the Champion of Beogh.
             Slain by a radroach (10 damage)
             ... on level 3 of the Spider Nest on July 28, 2023.
             The game lasted 01:50:46 (25073 turns).

mezmerelda the Peltast (Hill Orc Fighter)          Turns: 25073, Time: 01:50:46

Health: -3/158     AC: 27    Str: 27    XL:     17   Next: 35%
Magic:  1/20       EV:  8    Int:  8    God:    Beogh [******]
Gold:   2188       SH: 20    Dex: 10    Spells: 16/16 levels left

rFire   + . .        a - +8 war axe (flame)
rCold   . . .        Y - +0 tower shield
rNeg    . . .        A - +3 chain mail {rF+}
rPois   +            n - +1 helmet
rElec   .            d - +0 cloak
rCorr   .            q - +1 pair of gloves
SInv    .            U - +2 pair of boots
Will    +....        j - amulet of the acrobat Stlth
                     p - +4 ring of slaying
HPRegen 0.46/turn    W - ring of poison resistance
MPRegen 0.17/turn

%: acrobat
@: mighty
A: walk on water
a: Renounce Religion, Smiting, Recall Orcish Followers, Give Item to Named
Follower, Resurrection


You were on level 3 of the Spider Nest.
You worshipped Beogh.
Beogh was exalted by your worship.
You visited 5 branches of the dungeon, and saw 26 of its levels.
You visited the Abyss 1 time.
You also visited: Bailey.

You collected 2777 gold pieces.
You spent 589 gold pieces at shops.

Inventory:

Hand Weapons
 a - a +8 war axe of flaming (weapon)
 b - a +3 antimagic broad axe
 H - a +2 great sword of electrocution
Missiles
 y - a silver boomerang (quivered)
Armour
 d - a +0 cloak (worn)
 n - a +1 helmet (worn)
 q - a +1 pair of gloves (worn)
 A - a +3 chain mail of fire resistance (worn)
 U - a +2 pair of boots (worn)
 Y - a +0 tower shield (worn)
Jewellery
 c - a ring of magical power
 h - a ring of resist corrosion
 j - an amulet of the acrobat (around neck)
 p - a +4 ring of slaying (left hand)
 F - a ring of protection from cold
 K - a ring of positive energy
 W - a ring of poison resistance (right hand)
 X - a +6 ring of dexterity
Wands
 E - a wand of acid (29)
 G - a wand of paralysis (38)
 I - a wand of mindburst (5)
 L - a wand of digging (7)
 M - a wand of flame (11)
 P - a wand of polymorph (6)
 T - a wand of roots (8)
Scrolls
 g - 5 scrolls of poison
 k - 5 scrolls of fog
 l - 6 scrolls of teleportation
 s - 2 scrolls of acquirement
 t - a scroll of torment
 v - 2 scrolls of silence
 w - a scroll of butterflies
 x - 5 scrolls of revelation
 D - a scroll of fear
 S - a scroll of blinking
Potions
 e - 4 potions of haste
 f - 15 potions of curing
 i - 4 potions of brilliance
 m - 5 potions of enlightenment
 o - 7 potions of heal wounds
 r - 7 potions of might
 u - 2 potions of ambrosia
 z - 5 potions of attraction
 B - 4 potions of berserk rage
 C - a potion of cancellation
 J - 5 potions of mutation
 N - 3 potions of resistance
 Q - 4 potions of lignification
 R - a potion of invisibility


   Skills:
 - Level 16.0 Fighting
 - Level 17.0 Axes
 - Level 15.0 Armour
 + Level 20.4 Shields
 - Level 4.0 Invocations
 - Level 4.0 Evocations


You had 16 spell levels left.
You didn't know any spells.
Your spell library contained the following spells:

 Spells                   Type           Power      Damage    Failure   Level
 Magic Dart               Conj           0%         1d3       90%         1
 Cigotuvi's Dreadful Rot  Necr/Pois/Air  0%         N/A       97%         2
 Ensorcelled Hibernation  Hex/Ice        0%         N/A       97%         2
 Passwall                 Tmut/Erth      0%         N/A       97%         2
 Searing Ray              Conj           0%         2d4       97%         2
 Call Canine Familiar     Summ           0%         N/A       99%         3
 Portal Projectile        Hex/Tloc       0%         N/A       99%         3
 Swiftness                Air            0%         N/A       99%         3
 Anguish                  Hex/Necr       0%         N/A       100%        4
 Cause Fear               Hex            0%         N/A       100%        4
 Dispel Undead            Necr           0%         3d6       100%        4
 Fulminant Prism          Conj/Hex       0%         3d5       100%        4
 Leda's Liquefaction      Hex/Erth       0%         N/A       100%        4
 Petrify                  Tmut/Erth      0%         N/A       100%        4
 Fireball                 Conj/Fire      0%         3d3       100%        5
 Metabolic Englaciation   Hex/Ice        0%         N/A       100%        5
 Death Channel            Necr           0%         N/A       100%        6
 Dragon's Call            Summ           0%         N/A       100%        9


Dungeon Overview and Level Annotations

Branches:
Dungeon (15/15)            Temple (1/1) D:5            Lair (5/5) D:9
  Swamp (0/4) Lair:2       Spider (3/4) Lair:2        Slime (0/5) Lair:5
    Orc (2/2) D:9             Elf (0/3) Orc:2        Vaults (0/5) D:14
 Depths (0/4) D:15         Bailey (visited)

Altars:
Ashenzari
Cheibriados
Dithmenos
Elyvilon
Fedhas
Gozag
Hepliaklqana
Kikubaaqudgha
Makhleb
Nemelex Xobeh
Okawaru
Qazlal
Ru
Sif Muna
Trog
Uskayaw
Vehumet
Wu Jian
Xom
Yredelemnul
Zin
The Shining One
Beogh

Shops:
D:4 =   D:5 [(((   D:6 [   D:14 *   Orc:2 :=**

Annotations:
Spider:3 1 exclusion


Message History

The orb spider spins a strand of pure energy.
You block the radroach's attack. x2
The moth of wrath bites you but does no damage.
Gorbash shoots an arrow.
The arrow barely misses the radroach.
The arrow hits the moth of wrath!
The moth of wrath dies!
Beogh accepts your kill.
You feel much better.
Olfik no longer looks unusually strong.
Hilgar hits the radroach from afar with a +1 glaive!
The radroach barely misses you.
The radroach claws you but does no damage.
Your chaos spawn barely misses the radroach.
Nordag roars a battlecry!
Your orc knights go into a battle-frenzy!
Gorbash unwields a +1 longbow.
Gorbash wields a +0 glaive.
Gorbash hits the radroach with a +0 glaive.
You feel very mighty all of a sudden.
Bogrim no longer looks unusually strong.
The radroach bites you!
* * * LOW HITPOINT WARNING * * *
You block the radroach's attack.
The orb spider weaves a glowing orb of energy. x2
Olfik roars a battlecry!
Bogrim goes into a battle-frenzy!
Hilgar hits the radroach from afar with a +1 glaive!
Bogrim hits the radroach from afar with a +3 demon trident of venom!!!
Your chaos spawn hits the radroach but does no damage.
The radroach misses your chaos spawn.
The radroach barely misses your chaos spawn. 2 orbs of destruction come into view.
You hit the radroach but do no damage.
The radroach is severely wounded.
Olfik no longer looks unusually strong.
Hilgar no longer looks unusually strong.
Hilgar mumbles some strange prayers to Beogh.
The radroach bites you!!
* * * LOW HITPOINT WARNING * * *
The radroach claws you!
You die...

#.. #...##..##
#..#.....#...#
...).......).#
...°.#.......#
.....s.s..s..
...^...*.*. .#
#^....oB.# ..# #34@#
^.
...#####ooo#####..^
#.......ooooo....^.#
...#......ooo4.....#
........##†....####$
#^................#
##....^#..........!.
#....(..............
#....#...#........#.


You could see a radroach (berserk, ally target), 3 orb spiders, the friendly
Bogrim the orc warlord (strong, extremely poisoned), 3 friendly orc knights, the
friendly Agrik the orc knight (strong), the friendly Blodwig the orc knight
(strong), the friendly Dorog the orc knight (strong), the friendly Gorbash the
orc knight (strong), the friendly Nordag the orc knight (strong), 2 friendly orc
knights, the friendly Hilgar the orc high priest, a friendly ynoxinul
(summoned), a friendly chaos spawn (summoned) and a friendly red devil
(summoned, wandering).

Vanquished Creatures
  A tentacled starspawn (Abyss:4)
  Kirke (D:13)
  2 emperor scorpions
  3 ghost moths
  A very ugly thing (D:15)
  A spark wasp (Spider:2)
  An entropy weaver (Spider:3)
  Erolcha (D:9)
  A great orb of eyes (D:15)
  2 hydras
  A jorogumo (Spider:2)
  2 catoblepae (Lair:5)
  2 ogre magi (D:15)
  4 two-headed ogres (D:15)
  A centaur warrior (D:15)
  A dancing weapon (D:14)
  2 boulder beetles
  5 demonic crawlers
  A tengu warrior (D:15)
  4 death yaks (Lair:5)
  3 large abominations (Abyss:3)
  Sonja (Orc:1)
  A sixfirhy (Abyss:3)
  4 pharaoh ants
  A wretched star (Abyss:3)
  A lindwurm (Lair:4)
  A steelbarb worm (Spider:2)
  An orc knight (Orc:2)
  9 ugly things
  5 wolf spiders
  An orc sorcerer (Orc:2)
  5 cyclopes
  3 manticores
  A moth of wrath (Spider:2)
  A black mamba (Lair:1)
  A gargoyle (D:13)
  A torpor snail (Spider:2)
  2 komodo dragons (Lair:2)
  5 cane toads
  An unseen horror (shapeshifter) (D:15)
  2 rime drakes
  A tengu conjurer (D:15)
  2 trolls
  4 tarantellas
  A polar bear (Lair:1)
  3 meliai (Spider:2)
  3 blink frogs
  A raiju (Abyss:3)
  4 dream sheep (Lair:4)
  3 jumping spiders
  9 slime creatures
  2 shadows (D:10)
  2 culicivoras
  2 ynoxinuls (Abyss:3)
  A wraith (D:11)
  5 wyverns
  2 basilisks (Lair:4)
  2 neqoxecs (Abyss:3)
  23 yaks
  2 hogs (D:13)
  8 redbacks
  A steam dragon (D:8)
  A swamp worm (Lair:2)
  2 wargs
  4 water moccasins
  3 black bears
  A sky beast (D:7)
  4 ice beasts
  7 orc warriors
  2 small abominations
  5 ogres
  11 centaurs
  7 wolves
  A phantom (D:7)
  7 bullfrogs
  2 scorpions
  2 gnoll sergeants
  8 killer bees
  2 electric eels
  4 howler monkeys
  5 hounds
  6 orc priests
  Crazy Yiuf (D:2)
  3 jellies
  10 starcursed masses
  An iron imp (Abyss:3)
  4 sleepcaps
  2 iguanas
  A hell rat (Lair:4)
  6 orc wizards
  6 gnolls
  8 adders
  3 shadow imps
  A white imp (Abyss:3)
  3 worms
  5 dart slugs
  18 orcs
  6 ball pythons
  10 endoplasms
  4 giant cockroaches
  11 goblins
  9 hobgoblins
  6 jackals
  3 quokkas
  17 bats
  4 frilled lizards
  5 kobolds
  A rat (D:1)
  A spectral orc (D:4)
  2 starspawn tentacles (Abyss:4)
403 creatures vanquished.

Vanquished Creatures (collateral kills)
  A Hell Sentinel (Abyss:3)
  Frances (D:14)
  2 tentacled starspawn
  Louise (D:14)
  2 spark wasps (Spider:2)
  Snorg (D:13)
  3 catoblepae
  A spriggan skeleton (Abyss:3)
  3 radroaches (Spider:3)
  8 centaur warriors
  3 boulder beetles
  A dancing weapon (D:14)
  4 death yaks (Lair:5)
  5 two-headed ogres
  3 orc high priests (Orc:2)
  2 demonic crawlers (Spider:2)
  Urug (D:13)
  Amaemon (Lair:3)
  2 skysharks (Lair:5)
  7 pharaoh ants
  A shadow wraith (Abyss:3)
  7 orb spiders
  4 steelbarb worms
  An orc sorcerer (Orc:2)
  7 ugly things
  3 orc knights
  3 cyclopes
  6 wolf spiders
  A manticore (Lair:5)
  2 moths of wrath
  7 elephants
  An orange demon (Lair:3)
  3 black mambas
  3 torpor snails
  A smoke demon (Abyss:3)
  11 cane toads
  2 rime drakes
  A yaktaur (shapeshifter) (D:15)
  An unseen horror (D:11)
  An efreet (D:13)
  4 komodo dragons
  2 trolls
  2 polar bears
  2 raiju (Abyss:3)
  9 tarantellas
  A hornet (shapeshifter) (D:14)
  A tyrant leech (Lair:2)
  13 blink frogs
  2 dream sheep (Lair:4)
  8 slime creatures
  14 jumping spiders
  A centaur simulacrum (D:15)
  2 shadows
  2 wraiths
  43 yaks
  10 wyverns
  A ynoxinul (Abyss:3)
  A vampire (D:13)
  A human (Lair:3)
  A large abomination (Abyss:3)
  7 culicivoras
  A basilisk (shapeshifter) (D:15)
  A hog (D:13)
  8 basilisks
  9 redbacks
  2 swamp worms (Lair:2)
  A warg (Orc:1)
  3 acid dragons
  7 water moccasins
  6 black bears
  7 orc warriors
  4 ogres
  17 wolves
  8 centaurs
  8 bullfrogs
  A gnoll sergeant (D:10)
  2 killer bees (D:10)
  4 howler monkeys
  A quasit (Abyss:3)
  2 orc priests
  6 starcursed masses (Abyss:3)
  7 orc wizards
  7 hell rats (Lair:4)
  3 gnolls (D:10)
  21 orcs
  A bat (D:7)
  2 hobgoblins (D:9)
  2 starspawn tentacles
386 creatures vanquished.

Vanquished Creatures (others)
  A dread lich (Abyss:3)
  3 orc knights
  A jorogumo (Spider:2)
  An orb spider (Spider:3)
  2 orc sorcerers (Orc:2)
  7 orc warriors
  6 orc priests
  4 orc wizards
  37 orcs
  11 starspawn tentacles
73 creatures vanquished.

Grand Total: 862 creatures vanquished

Notes
Turn   | Place    | Note
-------+----------+-------------------------------------------
     0 | D:1      | mezmerelda the Hill Orc Fighter began the quest for the
                  | Orb.
     0 | D:1      | Reached XP level 1. HP: 19/19 MP: 1/1
    99 | D:1      | Reached XP level 2. HP: 26/26 MP: 2/2
   196 | D:2      | Found a hide-covered altar of Uskayaw.
   238 | D:2      | Reached XP level 3. HP: 27/31 MP: 3/3
   359 | D:2      | Reached skill level 5 in Axes
   460 | D:2      | Found a runed translucent door.
   461 | D:2      | Noticed Crazy Yiuf
   472 | D:2      | Killed Crazy Yiuf
   473 | D:2      | Reached XP level 4. HP: 17/41 MP: 4/4
   681 | D:3      | Found a snail-covered altar of Cheibriados.
   681 | D:3      | You fall into a shaft and drop 3 floors!
   684 | D:6      | Noticed an ogre
   698 | D:6      | Noticed an ice beast
   835 | D:6      | Found an ancient bone altar of Kikubaaqudgha.
   835 | D:6      | Noticed a gnoll sergeant
   855 | D:6      | Noticed a scorpion
   903 | D:6      | Reached skill level 5 in Fighting
  1020 | D:6      | Noticed an ice beast
  1147 | D:5      | Entered Level 5 of the Dungeon
  1164 | D:5      | Reached XP level 5. HP: 45/48 MP: 5/5
  1189 | D:5      | Found Fuitya's Antique Weapon Shoppe.
  1191 | D:5      | Became a worshipper of Beogh the Brigand
  1420 | D:4      | Found Ifait's Jewellery Shop.
  1672 | D:1      | Reached XP level 6. HP: 56/56 MP: 6/6
  1699 | D:1      | Found a faded altar of an unknown god.
  1948 | D:1      | Reached * piety under Beogh
  3247 | D:3      | Reached skill level 4 in Shields
  3260 | D:3      | Reached ** piety under Beogh
  3722 | D:4      | Found a basalt altar of Yredelemnul.
  3995 | D:4      | Found a white marble altar of Elyvilon.
  4005 | D:4      | Reached XP level 7. HP: 57/61 MP: 7/7
  4271 | D:5      | Found Sifemauh's Antique Armour Shop.
  4274 | D:5      | Bought a runed chain mail for 187 gold pieces
  4421 | D:5      | Reached skill level 5 in Armour
  4459 | D:5      | Found a radiant altar of Vehumet.
  4494 | D:5      | Reached skill level 1 in Invocations
  4577 | D:5      | Found a staircase to the Ecumenical Temple.
  4583 | Temple   | Entered the Ecumenical Temple
  4847 | D:5      | Found Wefaqyet's Antique Weapon Boutique.
  5011 | D:5      | Found Yxesew Tip's Antique Weapon Boutique.
  5148 | D:6      | Found a blossoming altar of Fedhas.
  5182 | D:6      | Reached XP level 8. HP: 57/73 MP: 8/10
  5316 | D:6      | Identified the +2 leather armour of Xom {rF+ Int+3}
  5697 | D:6      | Reached skill level 10 in Axes
  5741 | D:6      | Found a glowing silver altar of Zin.
  5743 | D:6      | Found a sparkling altar of Nemelex Xobeh.
  5744 | D:6      | Found a hide-covered altar of Uskayaw.
  5746 | D:6      | Found an opulent altar of Gozag.
  5944 | D:6      | Found Beadan's Armour Emporium.
  6132 | D:7      | Reached XP level 9. HP: 79/79 MP: 11/11
  6341 | D:7      | Found the +4 robe of Augmentation {Str+4 Int+4 Dex+4}
  6544 | D:7      | Reached *** piety under Beogh
  6755 | D:7      | Reached skill level 5 in Shields
  7342 | D:8      | Reached skill level 6 in Shields
  8072 | D:9      | Reached skill level 1 in Evocations
  8096 | D:9      | Reached XP level 10. HP: 75/86 MP: 12/12
  8213 | D:9      | Found a flagged portal.
  8221 | Bailey   | Entered a bailey
  8324 | Bailey   | Reached **** piety under Beogh
  8500 | Bailey   | Noticed an orc knight
  8509 | Bailey   | Noticed an orc knight
  8517 | Bailey   | Killed an orc knight
  8717 | D:9      | Found a staircase to the Lair.
  8717 | D:9      | Noticed an elephant
  8726 | D:9      | Gained Boghold as an ally
  8729 | D:9      | Killed an elephant
  8860 | D:9      | Found a stormy altar of Qazlal.
  8947 | D:9      | Found a hazy altar of Hepliaklqana.
  8968 | D:9      | Found a staircase to the Orcish Mines.
  9021 | D:9      | Found a shimmering blue altar of Sif Muna.
  9034 | D:9      | Reached skill level 10 in Fighting
  9128 | D:9      | Noticed Erolcha
  9134 | D:9      | Killed Erolcha
  9294 | Orc:1    | Entered Level 1 of the Orcish Mines
  9409 | Orc:1    | Reached ***** piety under Beogh
  9411 | Orc:1    | Reached XP level 11. HP: 97/102 MP: 13/13
  9588 | Orc:1    | Noticed an orc knight
  9756 | Orc:1    | Found a roughly hewn altar of Beogh.
  9769 | Orc:1    | Noticed Sonja
  9779 | Orc:1    | Killed Sonja
  9887 | Orc:1    | Noticed an orc high priest
 10081 | Lair:1   | Entered Level 1 of the Lair of Beasts
 11507 | Lair:2   | Reached skill level 15 in Fighting
 11514 | Lair:2   | Found a hole to the Spider Nest.
 11514 | Lair:2   | Noticed a pharaoh ant
 11519 | Lair:2   | Killed a pharaoh ant
 11605 | Lair:2   | Reached XP level 12. HP: 92/122 MP: 14/14
 11861 | Lair:2   | Reached skill level 15 in Axes
 12466 | Lair:2   | Found a staircase to the Swamp.
 12512 | Lair:3   | Noticed Amaemon
 12517 | Lair:3   | Killed Amaemon
 12600 | Lair:3   | You fall into a shaft and drop 2 floors!
 12600 | Lair:5   | Entered Level 5 of the Lair of Beasts
 12600 | Lair:5   | Noticed a death yak
 12600 | Lair:5   | Noticed a death yak
 12600 | Lair:5   | Noticed a death yak
 12600 | Lair:5   | Noticed a skyshark
 12606 | Lair:5   | Killed a death yak
 12607 | Lair:5   | Killed a death yak
 12610 | Lair:5   | Killed a skyshark
 12610 | Lair:5   | Killed a death yak
 12615 | Lair:5   | Gained Gorbash as an ally
 12650 | Lair:5   | Reached ****** piety under Beogh
 12780 | Lair:4   | Gained Agrik as an ally
 12817 | Lair:3   | Reached XP level 13. HP: 124/128 MP: 15/15
 12820 | Lair:3   | Reached skill level 10 in Armour
 12820 | Lair:3   | Gained Hilgar as an ally
 12821 | Lair:3   | Gained Olfik as an ally
 13444 | Lair:3   | Found a runed translucent door.
 13446 | Lair:3   | Noticed a tentacled starspawn
 13456 | Lair:3   | Killed a tentacled starspawn
 14668 | Lair:5   | Found a staircase to the Slime Pits.
 14701 | Lair:5   | Gained Olfik as an ally
 14855 | Lair:5   | Identified 2 scrolls of acquirement
 15200 | Lair:5   | Gained Berold as an ally
 15501 | Lair:5   | Identified the +1 robe of the Tuna {Will+}
 15898 | Orc:2    | Entered Level 2 of the Orcish Mines
 15906 | Orc:2    | Found a staircase to the Elven Halls.
 16157 | Orc:2    | Paralysed by an orc sorcerer for 4 turns
 16245 | Orc:2    | Reached skill level 15 in Armour
 16324 | Orc:2    | Reached XP level 14. HP: 108/137 MP: 16/16
 16329 | Orc:2    | Reached skill level 7 in Shields
 16335 | Orc:2    | Found Reuzud's Book Shop.
 16335 | Orc:2    | Found Litaup's Jewellery Shoppe.
 16339 | Orc:2    | Found Musi's General Store.
 16339 | Orc:2    | Found Zunoskua's General Store.
 16348 | Orc:2    | Bought a scroll of teleportation for 36 gold pieces
 16348 | Orc:2    | Bought a scroll of teleportation for 36 gold pieces
 16349 | Orc:2    | Bought a scroll of amnesia for 72 gold pieces
 16349 | Orc:2    | Bought a scroll of noise for 18 gold pieces
 16354 | Orc:2    | Bought a ring of poison resistance for 240 gold pieces
 16360 | Orc:2    | Upgraded the game from 0.31-a0-145-g046c7d2 to
                  | 0.31-a0-217-g58bb5d7
 16933 | D:10     | Entered Level 10 of the Dungeon
 16965 | D:10     | Reached skill level 8 in Shields
 17002 | D:10     | Found an ornate altar of the Wu Jian Council.
 17071 | D:10     | Identified the +8 flail "Hill Orc's Peril" {distort, rN+++
                  | Will- SInv}
 17117 | D:10     | Found a sacrificial altar of Ru.
 17574 | D:11     | Gained Borgoth as an ally
 17615 | D:11     | Reached skill level 9 in Shields
 19093 | D:13     | Killed Urug
 19132 | D:13     | Reached skill level 10 in Shields
 19535 | D:13     | Noticed Kirke
 19542 | D:13     | Gained Nordag as an ally
 19543 | D:13     | Killed Kirke
 19624 | D:13     | Your ally Borgoth died
 19632 | D:13     | Noticed Snorg
 19638 | D:13     | Killed Snorg
 19900 | D:14     | Gained Bogrim as an ally
 19904 | D:14     | Reached skill level 11 in Shields
 20076 | D:14     | Found Wunwasea's General Store.
 20286 | D:14     | Found a gate to the Vaults.
 20337 | D:14     | Noticed Louise
 20341 | Abyss:3  | Cast into level 3 of the Abyss (Louise)
 20398 | Abyss:3  | Noticed a tentacled starspawn
 20431 | Abyss:3  | Found a corrupted altar of Lugonu.
 20440 | Abyss:3  | Found a corrupted altar of Lugonu.
 20440 | Abyss:3  | Found a corrupted altar of Lugonu.
 20454 | Abyss:3  | Gained Agrik as an ally
 20459 | Abyss:3  | Reached skill level 12 in Shields
 20461 | Abyss:3  | Killed a tentacled starspawn
 20466 | Abyss:3  | Gained Gorm as an ally
 20538 | Abyss:3  | Noticed a starcursed mass
 20541 | Abyss:3  | Paralysed by accursed screaming for 1 turns
 20573 | Abyss:3  | Noticed a Hell Sentinel
 20601 | Abyss:3  | Noticed a dread lich
 20602 | Abyss:3  | Paralysed by something for 2 turns
 20614 | Abyss:3  | Paralysed by something for 2 turns
 20617 | Abyss:3  | Noticed a cacodemon
 20619 | Abyss:3  | Killed a dread lich
 20620 | Abyss:3  | Reached skill level 13 in Shields
 20620 | Abyss:3  | Reached XP level 15. HP: 66/144 MP: 18/18
 20631 | Abyss:3  | Reached skill level 14 in Shields
 20631 | Abyss:3  | Reached XP level 16. HP: 71/151 MP: 19/19
 20638 | Abyss:3  | Killed a Hell Sentinel
 20639 | Abyss:3  | Reached skill level 15 in Shields
 20681 | Abyss:4  | Noticed a tentacled starspawn
 20693 | Abyss:4  | Killed a tentacled starspawn
 20708 | D:14     | Escaped the Abyss
 20719 | D:14     | Killed Louise
 20967 | D:14     | Found a sparkling altar of Nemelex Xobeh.
 21117 | D:14     | Found a glowing golden altar of the Shining One.
 21131 | D:14     | Killed Frances
 21475 | D:15     | Entered Level 15 of the Dungeon
 21629 | D:15     | Reached skill level 16 in Shields
 21651 | D:15     | Found a broken altar of Ashenzari.
 22103 | D:15     | Reached skill level 17 in Shields
 22172 | D:15     | Found a staircase to the Depths.
 22240 | D:15     | Gained Blodwig as an ally
 22596 | Spider:1 | Entered Level 1 of the Spider Nest
 22709 | Spider:1 | You fall into a shaft and drop 1 floor!
 22715 | Spider:2 | Your ally Berold died
 22895 | Spider:2 | Reached skill level 18 in Shields
 23248 | Spider:2 | Your ally Boghold died
 23668 | Spider:2 | Gained Dorog as an ally
 23734 | Spider:2 | Reached skill level 19 in Shields
 23945 | Spider:2 | Upgraded the game from 0.31-a0-217-g58bb5d7 to
                  | 0.31-a0-369-g8eba5f6
 23977 | Spider:2 | Identified the +0 scale mail of Zeatzur {rF+ Will+}
 23983 | Spider:2 | Reached XP level 17. HP: 81/142 MP: 20/20
 24480 | Spider:2 | Upgraded the game from 0.31-a0-369-g8eba5f6 to
                  | 0.31-a0-371-ge323378
 24863 | Spider:3 | Identified the +11 scimitar "Killer Bee's Peril" {holy,
                  | Dex+2}
 24963 | Spider:3 | Gained Borgoth as an ally
 24988 | Spider:3 | Your ally Borgoth died
 25002 | Spider:3 | Reached skill level 20 in Shields
 25073 | Spider:3 | HP: 7/158 [radroach (24)]
 25073 | Spider:3 | Slain by a radroach

Illustrated notes

Levels and vault maps discovered:
D:1:      co_arrival_random_square_maze, layout_basic,
          shapermc_ecumenical_altar_venn, minmay_surrounded
D:2:      layout_basic, basic_altar, uniq_crazy_yiuf_cottage
D:3:      layout_rooms, general_overflow_altar, minmay_misc_feat_plants
D:4:      layout_basic, yredelemnul_forgotten_temple_becter, serial_shops,
          nicolae_shop_just_a_little_nook, amcnicky_mini_rare_corridor_liquid,
          chequers_serial_rivers_room_b, minmay_ruined_shrine
D:5:      layout_rooms, mainiacjoe_overflow_concentric_impassable,
          minmay_temple_entry_hall, serial_shops,
          nicolae_shop_just_a_little_nook, nicolae_shop_statue_plus, shop,
          nicolae_shop_statue_plus, kennysheep_mini, serial_curves,
          eino_curves_03, eino_curves_01, eino_curves_01, eino_curves_02
D:6:      layout_loops_cross, mainiacjoe_overflow_small_starburst, minitemple,
          serial_shops, shop, hellmonk_no_cap
D:7:      layout_layer_cave, roderic_batcave, minmay_misc_feat_nine_boxes,
          lightli_minifort
D:8:      layout_basic
D:9:      layout_irregular_city, nicolae_sif_muna_little_library,
          mainiacjoe_overflow_catwalk, nicolae_qazlal_scattered_showers,
          david_lair_generic, orc_0_dummy, enter_bailey_4, chequers_jeans,
          uniq_erolcha
D:10:     layout_cave_pools, nzn_wu_jian_contemplation, nicolae_ru_awakened_eye
D:11:     layout_stronghold
D:12:     layout_irregular_city
D:13:     layout_basic, uniq_snorg, uniq_kirke, uniq_urug
D:14:     layout_basic, erik_vaults_1, serial_shops, shop, lemuel_round_altar,
          kennysheep_small_circle, uniq_frances, uniq_louise
D:15:     gammafunk_enter_depths_forms, layout_cave_pods,
          cheibrodos_ashenzari_chains
Temple:   nicolae_temple_bog_church
Lair:1:   layout_layer_cave, beast_lair_carwin_7
Lair:2:   layout_loops_ring, minmay_swamp_entry_worms,
          nicolae_spider_entry_lesser_pyramids, serial_bayou,
          serial_bayou_lagoon_a, serial_bayou_crossing, serial_bayou_pond_b,
          serial_bayou_shore_a, serial_bayou_pond_a
Lair:3:   layout_regular_city, pdpol_lair_cabin_in_the_woods,
          grunt_megastairs_3, uniq_amaemon
Lair:4:   layout_loops_ring, serial_rivers, chequers_serial_rivers_room_a,
          chequers_serial_rivers_large_b, chequers_serial_rivers_micro_a,
          chequers_serial_rivers_room_a, special_room
          [special_room_mythical_zoo], serial_bayou_shore_b
Lair:5:   evilmike_catoblepas_cave, layout_regular_city, slime_entry_1
Spider:1: layout_chambers, gammafunk_ghost_tricky_traps, guppyfry_spider_mini_3
Spider:2: nicolae_spider_hilbert_zone_2 [nicolae_spider_hilbert_4_sides_1_open,
          nicolae_spider_hilbert_4_sides_1_open,
          nicolae_spider_hilbert_4_sides_1_open,
          nicolae_spider_hilbert_4_sides_1_open,
          nicolae_spider_hilbert_6_sides_1_open,
          nicolae_spider_hilbert_6_sides_1_open,
          nicolae_spider_hilbert_3_sides_1_open,
          nicolae_spider_hilbert_3_sides_1_open,
          nicolae_spider_hilbert_3_sides_1_open,
          nicolae_spider_hilbert_3_sides_1_open,
          nicolae_spider_hilbert_6_sides_1_open,
          nicolae_spider_hilbert_6_sides_1_open,
          nicolae_spider_hilbert_6_sides_1_open,
          nicolae_spider_hilbert_6_sides_1_open]
Spider:3: layout_spider_delve, drop_trap, nicolae_spider_moth_buddies
Orc:1:    layout_diamond_mine, mines2_david, uniq_sonja
Orc:2:    grunt_orc_tribal_feast, layout_caves

Skill      XL: |  1  2  3  4  5  6  7  8  9 10 11 12 13 14 15 16 17 |
---------------+----------------------------------------------------+-----
Axes           | 3 4 5 6 7 11 13 14 17 | 17.0
Fighting       | 4 5 7 11 15 16 | 16.0
Armour         | 4 5 6 7 9 15 | 15.0
Shields        | 4 6 13 14 19 20 | 20.4
Invocations    | 2 3 4 |  4.0
Evocations     | 2 3 4 |  4.0

Action                     |  1- 3 |  4- 6 |  7- 9 | 10-12 | 13-15 | 16-18 || total
---------------------------+-------+-------+-------+-------+-------+-------++-------
  Melee: War axe           |    66 |   219 |   240 |   249 |   295 |   335 ||  1404
         Demon whip        |       |       |       |       |     7 |       ||     7
  Throw: Boomerang         |       |       |     1 |       |     1 |       ||     2
 Invoke: Convert to Beogh  |       |     1 |       |       |       |       ||     1
         Smiting           |       |       |     2 |       |       |       ||     2
         Recall Orcish Fol |       |       |       |     5 |     7 |     6 ||    18
         Give Item to Name |       |       |       |       |     1 |     1 ||     2
    Use: Potion            |     1 |     3 |       |     5 |     5 |     5 ||    19
         Scroll            |       |     1 |     7 |     7 |    17 |       ||    32
   Stab: Distracted        |       |       |     1 |     4 |     3 |     3 ||    11
         Petrified         |       |       |       |       |     2 |       ||     2
         Confused          |       |       |       |       |     1 |       ||     1
 Armour: Scale mail        |    35 |    98 |     6 |       |       |       ||   139
         Chain mail        |       |       |   101 |   130 |   156 |   188 ||   575
  Dodge: Dodged            |    21 |    99 |    79 |   117 |   140 |   132 ||   588
  Block: Buckler           |    10 |    42 |    39 |    56 |    33 |       ||   180
         Tower shield      |       |       |       |       |   111 |   348 ||   459

Table legend: (Time is in decaauts)
 A = Elapsed time spent in this place.
 B = Non-inter-level travel time spent in this place.
 C = Inter-level travel time spent in this place.
 D = Time resting spent in this place.
 E = Time spent auto-exploring this place.
 F = Levels seen in this place.
 G = Mean time per level.
                   A        B        C        D        E       F      G
               +--------+--------+--------+--------+--------+-----+--------+
         Total |  25010 |  23683 |   1327 |   1249 |  17597 |  29 |  862.4 |
       Dungeon |  14074 |  13339 |    735 |    937 |   9755 |  15 |  938.3 |
        Temple |    199 |    192 |      7 |      0 |    184 |   1 |  199.0 |
          Lair |   5715 |   5394 |    321 |      0 |   4395 |   5 | 1143.0 |
   Spider Nest |   2445 |   2421 |     24 |      0 |   1985 |   3 |  815.0 |
  Orcish Mines |   1806 |   1567 |    239 |      0 |   1278 |   2 |  903.0 |
         Abyss |    357 |    357 |      0 |     27 |      0 |   2 |  178.5 |
        Bailey |    411 |    411 |      0 |    285 |      0 |   1 |  411.0 |
               +--------+--------+--------+--------+--------+-----+--------+

Top non-repeatable levels by time:
Spider:2: 2094 daAuts
  Lair:1: 1457 daAuts
     D:6: 1307 daAuts
    D:14: 1257 daAuts
     D:2: 1240 daAuts
  Lair:5: 1220 daAuts
     D:7: 1178 daAuts
  Lair:3: 1044 daAuts
  Lair:2: 1038 daAuts
     D:1: 984 daAuts
     D:4: 979 daAuts
    D:12: 979 daAuts
  Lair:4: 954 daAuts
    D:15: 947 daAuts
   Orc:2: 941 daAuts
